 Dungeon Crawl Stone Soup version 0.26-a0-52-gd53d4cd058 (webtiles) character file.

Game seed: 5950614662349396284

7384 Hasart the Carver (level 10, 0/80 HPs)
             Began as a Mummy Gladiator on June 5, 2020.
             Was an Initiate of Gozag.
             Slain by an orc warrior
             ... wielding a +2 hand axe of electrocution
              (13 damage)
             ... on level 9 of the Dungeon.
             The game lasted 00:20:12 (12158 turns).

Hasart the Carver (Mummy Gladiator)                Turns: 12158, Time: 00:20:12

Health: 0/80       AC: 15    Str: 21    XL:     10   Next: 92%
Magic:  13/13      EV: 13    Int:  7    God:    Gozag
Gold:   803        SH:  0    Dex: 17    Spells: 9/9 levels left

rFire    x . .     SeeInvis .   z - +5 great sword
rCold    + + .     Gourm    .   (shield currently unavailable)
rNeg     + + +     Faith    .   b - +0 leather armour
rPois    ∞         Spirit   .   c - +0 helmet
rElec    .         Reflect  .   t - +0 cloak
rCorr    .         Harm     .   l - +5 pair of gloves of Duty {rPois rC+ Dex+3}
MR       +....                  j - +2 pair of boots
Stlth    +.........             (no amulet)
HPRegen  0.23/turn              x - ring of poison resistance
MPRegen  0.13/turn              (no ring)

@: no status effects
A: no food or potions, fire vulnerability, cold resistance 1, negative energy
resistance 3, torment resistance, unbreathing
a: Potion Petition, Call Merchant, Bribe Branch, Renounce Religion


You were on level 9 of the Dungeon.
You worshipped Gozag.
Gozag was pleased with you.
You were not hungry.

You visited 2 branches of the dungeon, and saw 10 of its levels.

You collected 902 gold pieces.
You paid 99 gold pieces to Gozag.

Inventory:

Hand Weapons
 a - a +4 falchion
 w - a +2 dagger of venom
 z - a +5 great sword (weapon)
 A - a +2 dagger of electrocution
Missiles
 d - 6 throwing nets
 q - 9 boomerangs (quivered)
Armour
 b - a +0 leather armour (worn)
 c - a +0 helmet (worn)
 j - a +2 pair of boots (worn)
 l - the +5 pair of gloves of Duty (worn) {rPois rC+ Dex+3}
   (You found it on level 6 of the Dungeon)

   It affects your dexterity (+3).
   It protects you from cold.
   It protects you from poison.
 t - a +0 cloak (worn)
Jewellery
 x - a ring of poison resistance (left hand)
Wands
 p - a wand of flame (22)
 s - a wand of enslavement (7)
 B - a wand of disintegration (17)
 D - a wand of polymorph (5)
Scrolls
 f - 7 scrolls of identify
 g - 3 scrolls of enchant armour
 h - 3 scrolls of amnesia
 i - a scroll of fear
 m - a scroll of teleportation
 n - 2 scrolls of magic mapping
 u - a scroll of remove curse
 C - a scroll of holy word


   Skills:
 + Level 7.8 Fighting
 * Level 9.6 Long Blades
 + Level 5.1 Throwing
 + Level 4.8 Armour
 - Level 2.4 Dodging
 - Level 5.0 Evocations


You had 9 spell levels left.
You didn't know any spells.
Your spell library was empty.

Dungeon Overview and Level Annotations

Branches:
Dungeon (9/15)             Temple (1/1) D:6
   Lair: D:8-11         Orc: D:9-12

Altars:
Ashenzari
Cheibriados
Dithmenos
Elyvilon
Gozag
Hepliaklqana
Kikubaaqudgha
Nemelex Xobeh
Okawaru
Qazlal
Ru
Trog
Uskayaw
Vehumet
Wu Jian
Xom
Yredelemnul
Zin
The Shining One

Annotations:
D:3 3 runed translucent doors, MisterFreud's ghost, amateur FoAK


Innate Abilities, Weirdness & Mutations

You do not eat or drink.
Your flesh is vulnerable to fire.
You are immune to poison.
Your flesh is cold resistant. (rC+)
You are immune to negative energy. (rN+++)
You are immune to unholy pain and torment.
You can survive without breathing.


Message History

You hit the orc warrior.
The orc warrior is almost dead.
The orc hits you with a +0 dagger. The orc hits you but does no damage.
The orc warrior hits you with a +2 hand axe of electrocution!
You barely miss the orc warrior.
The orc warrior is almost dead.
The orc hits you but does no damage. The orc barely misses you.
The orc warrior closely misses you. The orc hits you but does no damage.
You closely miss the orc warrior.
The orc warrior is almost dead.
The orc closely misses you.
The orc warrior hits you with a +2 hand axe of electrocution!
* * * LOW HITPOINT WARNING * * *
The orc closely misses you.
You closely miss the orc warrior.
The orc warrior is almost dead.
The orc hits you but does no damage.
The orc warrior hits you with a +2 hand axe of electrocution!
You die...
Your body crumbles into a pile of gold.

... ...####
.......####+######
...........o...o.o
.........o$####+###
.........@o#.......
...........#.......
......!.####.......
........'<)........
........#))........
........#.......###
##......##......#
#......o#......#
#.......#......#


You could see an orc warrior and 2 orcs.

Vanquished Creatures
  Harold (D:8)
  3 two-headed ogres (D:8)
  An unseen horror (D:9)
  Pikel (D:7)
  A deep elf mage (D:8)
  Joseph (D:7)
  Prince Ribbit (D:8)
  A hungry ghost (D:7)
  Edmund (D:6)
  A water moccasin (D:5)
  An orc warrior (D:7)
  A phantom (D:7)
  2 ogres
  2 centaurs (D:7)
  2 big kobolds
  6 bullfrogs
  2 scorpions
  6 killer bees
  5 wights
  A howler monkey (D:6)
  A crimson imp (D:6)
  4 hounds
  2 jellies
  Crazy Yiuf (D:5)
  A centaur skeleton (D:7)
  4 orc priests
  2 orc wizards (D:7)
  Terence (D:3)
  2 iguanas (D:7)
  2 worker ants
  7 gnolls
  6 adders
  A shadow imp (D:7)
  4 oozes
  An adder skeleton (D:4)
  6 worms
  A dart slug (D:2)
  6 leopard geckos
  19 orcs
  A ball python (D:4)
  8 bats
  6 giant cockroaches
  7 goblins
  11 hobgoblins
  4 jackals (D:1)
  16 kobolds
  3 quokkas
  3 frilled lizards
  A quokka skeleton (D:4)
  11 rats
182 creatures vanquished.

Notes
Turn   | Place    | Note
-------+----------+-------------------------------------------
     0 | D:1      | Hasart the Mummy Gladiator began the quest for the Orb.
     0 | D:1      | Reached XP level 1. HP: 16/16 MP: 1/1
   204 | D:1      | Reached XP level 2. HP: 22/22 MP: 2/2
   342 | D:1      | Reached skill level 3 in Long Blades
   489 | D:1      | Reached XP level 3. HP: 17/28 MP: 3/3
  1264 | D:2      | Found a hazy altar of Hepliaklqana.
  2061 | D:2      | Reached XP level 4. HP: 26/34 MP: 4/4
  3135 | D:3      | Reached skill level 4 in Long Blades
  3420 | D:3      | Reached XP level 5. HP: 41/41 MP: 5/5
  3509 | D:3      | Noticed Terence
  3521 | D:3      | Killed Terence
  3740 | D:3      | Noticed a moth of wrath
  3743 | D:3      | Found a bloodstained altar of Trog.
  4239 | D:3      | Found a runed translucent gate.
  4240 | D:3      | Found a runed translucent gate.
  4244 | D:3      | Found a shimmering altar of Xom.
  4245 | D:3      | Found a sparkling altar of Nemelex Xobeh.
  4250 | D:3      | Found a runed translucent gate.
  4251 | D:3      | Noticed MisterFreud's ghost (amateur FoAK)
  4692 | D:4      | Noticed an ogre
  4721 | D:4      | Killed an ogre
  4721 | D:4      | Reached skill level 5 in Long Blades
  4721 | D:4      | Reached XP level 6. HP: 31/48 MP: 6/6
  4931 | D:4      | Reached skill level 1 in Evocations
  5696 | D:5      | Entered Level 5 of the Dungeon
  5706 | D:5      | Noticed a water moccasin
  5720 | D:5      | Killed a water moccasin
  5720 | D:5      | Reached XP level 7. HP: 12/55 MP: 6/8
  6369 | D:5      | Found a runed translucent door.
  6370 | D:5      | Noticed Crazy Yiuf
  6785 | D:5      | Killed Crazy Yiuf
  6940 | D:6      | Noticed Edmund
  6955 | D:6      | Killed Edmund
  7140 | D:6      | Got a pair of transparent gloves
  7141 | D:6      | Identified the +5 pair of gloves of Duty {rPois rC+ Dex+3}
                  | (You found it on level 6 of the Dungeon)
  7249 | D:6      | Reached skill level 6 in Long Blades
  7338 | D:6      | Reached skill level 5 in Fighting
  7456 | D:6      | Found a staircase to the Ecumenical Temple.
  7470 | Temple   | Entered the Ecumenical Temple
  7560 | Temple   | Became a worshipper of Gozag Ym Sagoz the Greedy
  7656 | D:6      | Reached XP level 8. HP: 43/62 MP: 8/10
  8744 | D:7      | Reached skill level 1 in Armour
  8797 | D:7      | Reached skill level 7 in Long Blades
  9099 | D:7      | Reached XP level 9. HP: 34/69 MP: 11/11
  9101 | D:7      | HP: 3/69 [orc wizard/+2 dagger of electrocution (19)]
  9428 | D:7      | Found a white marble altar of Elyvilon.
  9434 | D:7      | Noticed Joseph
  9475 | D:7      | Killed Joseph
 10146 | D:7      | Noticed Pikel
 10168 | D:7      | Killed Pikel
 10168 | D:7      | Reached skill level 8 in Long Blades
 10619 | D:8      | Noticed a two-headed ogre
 10629 | D:8      | Killed a two-headed ogre
 10629 | D:8      | Reached XP level 10. HP: 77/77 MP: 13/13
 10674 | D:8      | Noticed Harold
 10689 | D:8      | Killed Harold
 10877 | D:8      | Noticed a two-headed ogre
 10883 | D:8      | Killed a two-headed ogre
 10883 | D:8      | Reached skill level 5 in Evocations
 10904 | D:8      | Reached skill level 9 in Long Blades
 11111 | D:8      | Noticed Prince Ribbit
 11114 | D:8      | Noticed a two-headed ogre
 11139 | D:8      | Killed Prince Ribbit
 11438 | D:8      | Noticed a deep elf mage
 11445 | D:8      | Killed a deep elf mage
 11664 | D:8      | Killed a two-headed ogre
 11834 | D:9      | Killed an unseen horror
 11834 | D:9      | Reached skill level 5 in Throwing
 12158 | D:9      | Slain by an orc warrior

Illustrated notes

Levels and vault maps discovered:
D:1:      mrwooster_arrival_arrow, layout_basic
D:2:      minmay_thinvault, layout_basic, lemuel_round_altar
D:3:      layout_basic, nicolae_overflow_hidden_temple, tgw_trog,
          gammafunk_ghost_nasty_kobolds, first_ration, uniq_terence
D:4:      layout_loops_ring, serial_bayou_ford_a
D:5:      layout_layer_cave, skrybe_limestone_x, uniq_crazy_yiuf_cottage
D:6:      layout_basic, minmay_temple_entry_junction_2, roderic_lattice_a,
          uniq_edmund
D:7:      layout_basic, elyvilon_altar_5, uniq_joseph, uniq_pikel
D:8:      layout_basic, uniq_prince_ribbit1, uniq_harold
D:9:      layout_irregular_city, serial_glass, glass_columns_a, glass_columns_b,
          hangedman_fish_farm
Temple:   hc_temple_tempest_star

Skill      XL: |  1  2  3  4  5  6  7  8  9 10 |
---------------+-------------------------------+-----
Long Blades    | 3 4 5 6 7 8 9 |  9.6
Fighting       | 3 4 5 6 7 |  7.8
Evocations     | 1 2 3 4 5 |  5.0
Throwing       | 2 4 5 |  5.1
Armour         | 2 3 4 |  4.8
Dodging        | |  2.4

Action                   |  1- 3 |  4- 6 |  7- 9 | 10-12 || total
-------------------------+-------+-------+-------+-------++-------
Melee: Long sword        |   138 |   222 |   118 |       ||   478
       Great sword       |       |       |   117 |    76 ||   193
Throw: Throwing net      |       |     1 |     1 |     3 ||     5
       Boomerang         |       |       |    10 |     9 ||    19
Invok: Potion Petition   |       |       |     1 |       ||     1
Evoke: Wand              |       |       |       |     1 ||     1
  Use: Scroll            |       |       |     1 |    14 ||    15
 Stab: Sleeping          |       |     1 |     1 |       ||     2
       Distracted        |       |       |     2 |       ||     2
       Held in net/web   |       |       |     1 |     2 ||     3
Armor: Leather armour    |    55 |    66 |    94 |    32 ||   247
Dodge: Dodged            |    97 |   145 |   175 |    49 ||   466
       Rpst.: Long sword |    27 |    45 |    24 |       ||    96
       Great sword       |       |       |    30 |    14 ||    44

Table legend:
 A = Non-vault XP
 B = Vault XP
 C = Vault XP percentage of total XP
 D = Non-vault monster count
 E = Vault monster count
 F = Vault count percentage of total count
                 A         B        C        D         E       F
            +---------+---------+-------+---------+---------+-------
      Total |    7843 |    2706 |  25.7 |     152 |      30 |  16.5
            +---------+---------+-------+---------+---------+-------
        D:1 |      41 |       0 |   0.0 |      22 |       0 |   0.0
        D:2 |      49 |      63 |  56.2 |      16 |      18 |  52.9
        D:3 |     108 |      45 |  29.4 |      18 |       6 |  25.0
        D:4 |     332 |       0 |   0.0 |      10 |       0 |   0.0
        D:5 |     157 |      40 |  20.3 |       3 |       1 |  25.0
        D:6 |     823 |     162 |  16.4 |      24 |       1 |   4.0
        D:7 |    1904 |    1091 |  36.4 |      39 |       2 |   4.9
        D:8 |    3514 |    1305 |  27.1 |      10 |       2 |  16.7
        D:9 |     915 |       0 |   0.0 |      10 |       0 |   0.0
            +---------+---------+-------+---------+---------+-------
